AoeStats
← Malcolm Little

African Clearing

506777577Analyzed
4v4 RM · 17d ago on Sep 15, 2026· 22m 15s· 8 players
Game mode
Random Map
Map size
Large (8 player)
Population
200
Speed
Normal
Resources
Standard
Victory
Conquest
Starting age
Dark Age
Ending age
Imperial Age
RankedLock teamsTeams togetherTeam positionsShared explorationLock speedFull tech treeHidden civsTurbo modeCheats
Victory
Defeat
🇦🇷 Franks · Argentina
1617
+8
🇺🇸 Chinese · United States
1547
+11
🇨🇷 Malians · Costa Rica
1471
+14
🇲🇽 Vietnamese · Mexico
1342
+18
🇺🇸 Tupi · United States
1446
-14
🇨🇳 Spanish · China
1437
-13
🇲🇴 Vietnamese · Macao SAR China
1432
-13
🇩🇴 Huns · Dominican Republic
1379
-11
Polestar
3:06 Loom
14:45 Feudal Age
18:28 Castle Age
18:17 Double-Bit Axe
HOU
3:03 Loom
13:54 Feudal Age
15:19 Town Watch
17:53 Castle Age
16:02 Fletching
16:10 Stone Mining
李雾月
13:35 Feudal Age
19:07 Castle Age
16:59 Double-Bit Axe
17:08 Horse Collar
20:06 Bow Saw
19:57 Heavy Plow
22:23 Loom
Malcolm Little
13:10 Feudal Age
15:47 Forging
20:49 Fletching
Marco Aurelio
10:17 Loom
13:27 Feudal Age
19:08 Castle Age
18:24 Double-Bit Axe
19:01 Fletching
20:47 Crossbowman
22:31 Bodkin Arrow
TurkeyBaster
3:32 Loom
13:13 Feudal Age
14:15 Double-Bit Axe
17:16 Castle Age
18:16 Bow Saw
Daniel Lothbrok
3:44 Loom
13:14 Feudal Age
13:21 Feudal Age
17:48 Castle Age
15:55 Fletching
15:59 Stone Mining
16:02 Double-Bit Axe
18:50 Fletching
DiegoRasta
6:23 Loom
12:01 Feudal Age
18:05 Double-Bit Axe
20:08 Forging
22:12 Scale Barding Armor
Connection lost

Rejoining the realm…

Still unreachable

The connection could not be restored.

Session expired

The server has moved on; the page needs a fresh start.